 Dungeon Crawl Stone Soup version 0.21.1-1-g345015fe64 (webtiles) character file.

39 Hercules1031 the Conjurer (level 3, -2/26 HPs)
             Began as a Draconian Conjurer on June 9, 2018.
             Slain by an adder (3 damage)
             ... on level 3 of the Dungeon.
             The game lasted 00:07:41 (1314 turns).

Hercules1031 the Conjurer (Draconian Conjurer)      Turns: 1314, Time: 00:07:41

Health: -2/26      AC:  5    Str: 10    XL:     3   Next: 28%
Magic:  1/7        EV: 18    Int: 16    God:
Gold:   106        SH:  0    Dex: 16    Spells: 1/7 levels left

rFire    . . .     SeeInvis .   (no weapon)
rCold    . . .     Gourm    .   (no shield)
rNeg     . . .     Faith    .   (armour unavailable)
rPois    +         Spirit   .   (helmet restricted)
rElec    .         Reflect  .   (no cloak)
rCorr    .         Harm     .   (no gloves)
MR       .....                  (no boots)
Stlth    +++.......             e - amulet of rage
HPRegen  0.08/turn              b - ring of poison resistance
MPRegen  0.10/turn              (no ring)

@: agile, lethally poisoned (-2 -> -4), flying
A: unfitting armour, cold-blooded, AC +5
a: Evoke Berserk Rage


You were on level 3 of the Dungeon.
You were not hungry.

You visited 1 branch of the dungeon, and saw 3 of its levels.

You collected 106 gold pieces.

Inventory:

Armour
 f - a scarf of resistance
Jewellery
 b - a ring of poison resistance (left hand)
 e - an amulet of rage (around neck)
Books
 a - a book of Conjurations

   Spells                             Type                      Level
   a - Magic Dart                     Conjuration                  1
   b - Searing Ray                    Conjuration                  2
   c - Dazzling Spray                 Conjuration/Hexes            3
   d - Fulminant Prism                Conjuration/Hexes            4
   e - Force Lance                    Conjuration/Translocation    4
   f - Iskenderun's Mystic Blast      Conjuration                  4


   Skills:
 + Level 2.2 Dodging
 - Level 1.7 Stealth
 * Level 2.7 Spellcasting
 + Level 4.4 Conjurations


You had one spell level left.
You knew the following spells:

 Your Spells              Type           Power        Failure   Level  Hunger
a - Magic Dart            Conj           ###.         3%          1    #......
b - Searing Ray           Conj           ###...       4%          2    ##.....
c - Dazzling Spray        Conj/Hex       #.....       22%         3    ###....


Dungeon Overview and Level Annotations

Branches:
Dungeon (3/15)

Altars:
Ashenzari

Annotations:
D:3 LevaFresel's ghost, amateur KoHu; Robin


Innate Abilities, Weirdness & Mutations

Your plain brown scales are hard. (AC +5)
You cannot fit into any form of body armour.
You are cold-blooded and may be slowed by cold attacks.


Message History

Found 2 emerald potions and a naga barding.
There is a stone staircase leading down here.
The bat completely misses you. The kobold hits you but does no damage.
The bat hits you but does no damage.
You fly downwards.
An adder, 8 goblins, a player ghost and Robin come into view.
The goblin shouts!
You hear a shout! x3; You hear an angry hiss.
There is a stone staircase leading up here.
The goblin shouts! x5
The kobold misses you.
Robin shouts!
You hear a shout!
The adder hisses angrily.
A hobgoblin comes into view.
* * * LOW HITPOINT WARNING * * *
You feel sick.
You hear an angry hiss.
The kobold hits you but does no damage.
A frilled lizard comes into view.
The adder completely misses you. The adder bites you.
You die...

#. #. ## #. .. #.
.# #. .# #. .#
####.####.#
#....@K...###..#
....##Sg.g<.......
....l..###.g###.##
####### #.g# #..#
#gg# #Wg#


.ggg #gg# You could see an adder, a hobgoblin, 3 goblins, a kobold and a frilled
lizard.

Vanquished Creatures
  3 dart slugs (D:1)
  2 leopard geckos
  6 goblins (D:1)
  3 hobgoblins
  7 kobolds
  A ball python (D:1)
  2 bats (D:1)
  3 frilled lizards (D:1)
  5 rats
32 creatures vanquished.

Notes
Turn   | Place    | Note
-------+----------+-------------------------------------------
     0 | D:1      | Hercules1031 the Draconian Conjurer began the quest for the Orb.
     0 | D:1      | Reached XP level 1. HP: 14/14 MP: 3/3
   137 | D:1      | Reached XP level 2. HP: 19/20 MP: 0/5
   818 | D:1      | Reached XP level 3. HP: 13/26 MP: 0/6
  1240 | D:2      | Learned a level 2 spell: Searing Ray
  1244 | D:2      | Learned a level 3 spell: Dazzling Spray
  1306 | D:2      | Found a shattered altar of Ashenzari.
  1310 | D:3      | Noticed Robin
  1310 | D:3      | Noticed LevaFresel's ghost (amateur KoHu)
  1312 | D:3      | HP: 1/26 [poisoned by a kobold]
  1314 | D:3      | Slain by an adder

Skill      XL: |  1  2 |
---------------+-------+-----
Dodging        | 2 |  2.2
Stealth        | |  1.7
Spellcasting   | |  2.7
Conjurations   | |  4.4

Action                   || total
-------------------------++-------
Melee: Unarmed           ||    38
       Tailslap          ||     3
 Cast: Magic Dart        ||    53
  Use: Scroll            ||     4
       Potion            ||     2
 Stab: Sleeping          ||     1
  Eat: Ration            ||     1
Armor: Skin              ||    18
Dodge: Dodged            ||    43
